 Dungeon Crawl Stone Soup version 0.25-a0-316-gd28d56f9c5 (webtiles) character file.

Game seed: 4444556530194234836, levelgen mode: classic

189 Borgoz the Cudgeler (level 5, -4/32 HPs)
             Began as a Gargoyle Gladiator on Dec 24, 2019.
             Killed from afar by an orc wizard (7 damage)
             ... with a magic dart
             ... on level 3 of the Dungeon.
             The game lasted 00:02:40 (1632 turns).

Borgoz the Cudgeler (Gargoyle Gladiator)            Turns: 1632, Time: 00:02:41

Health: -4/32      AC: 10    Str: 17    XL:     5   Next: 68%
Magic:  5/5        EV: 13    Int:  9    God:
Gold:   109        SH:  0    Dex: 12    Spells: 4/4 levels left

rFire    . . .     SeeInvis .   a - +0 flail
rCold    . . .     Gourm    .   (no shield)
rNeg     + . .     Faith    .   b - +0 leather armour
rPois    ∞         Spirit   .   o - +2 helmet
rElec    +         Reflect  .   (no cloak)
rCorr    .         Harm     .   (no gloves)
MR       .....                  (no boots)
Stlth    +.........             i - amulet of regeneration
HPRegen  0.50/turn              (no ring)
MPRegen  0.09/turn              (no ring)

@: slowed, very slow
A: negative energy resistance 1, electricity resistance, unbreathing,
petrification resistance, rot immunity, AC +4
a: no special abilities


You were on level 3 of the Dungeon.
You were not hungry.

You visited 1 branch of the dungeon, and saw 3 of its levels.

You collected 109 gold pieces.

Inventory:

Hand Weapons
 a - a +0 flail (weapon)
Missiles
 d - 3 throwing nets (quivered)
Armour
 b - a +0 leather armour (worn)
 c - a +0 helmet
 o - a +2 helmet (worn)
Jewellery
 i - an amulet of regeneration (around neck)
 r - an uncursed ring of ice
Wands
 s - a wand of polymorph (9)
Scrolls
 e - 2 scrolls of identify {unknown}
 l - 2 scrolls of teleportation {unknown}
 n - a scroll of amnesia {unknown}
Potions
 j - a potion of flight {unknown}
 k - 2 potions of brilliance {unknown}
 m - a potion of degeneration {unknown}
 p - a potion of agility {unknown}
 q - 3 potions of resistance {unknown}
Comestibles
 f - 4 rations
 h - 8 chunks of flesh


   Skills:
 + Level 3.1 Fighting
 * Level 4.3 Maces & Flails
 - Level 1.7 Throwing
 + Level 2.0 Armour
 * Level 3.5 Dodging


You had 4 spell levels left.
You didn't know any spells.
Your spell library was empty.

Dungeon Overview and Level Annotations

Branches:
Dungeon (3/15)

Altars:
Dithmenos


Innate Abilities, Weirdness & Mutations

You are resistant to torment.
Your stone body is resilient. (AC +4)
You are immune to poison.
You resist negative energy. (rN+)
You are resistant to electric shocks. (rElec)
You can survive without breathing.
You are immune to petrification.
You are immune to rotting.


Message History

You see here a stone.
The orc wizard hits you but does no damage.
The hobgoblin throws a stone.
The stone hits you but does no damage.
The orc wizard begins to cast a cantrip, but forgets the words!
The orc hits you but does no damage.
You see here a stone.
The hobgoblin throws a stone.
The stone closely misses you. The orc wizard closely misses you.
The orc wizard hits you but does no damage.
The orc wizard misses you.
The hobgoblin throws a stone.
The stone barely misses you. The orc wizard casts a spell at you.
The puff of frost hits you!
* * * LOW HITPOINT WARNING * * *
The hobgoblin closely misses you. The orc barely misses you.
The orc wizard hits you with a +0 dagger.
* * * LOW HITPOINT WARNING * * *
The orc wizard casts a spell at you. The magic dart hits you!
You die...

............# #)#
..#.........## #.#
.......((...(# #.#
#......).....# #.#
#............#####.#
..........(.....##.#
...#.......(oo..##.#
.. #.......o....##.#
. ..........g#@###.#
..#.......§#§§.##)#
..#.......#§#§#§#)##
#.......§§§§§§§).####
#?......#§#§#.#.....#
####### #.§§#.§....#
..#§#.§.....#
####...####### ####


You could see 2 orc wizards and an orc.

Vanquished Creatures
  An orc priest (D:3)
  An orc wizard (D:3)
  Ijyb (D:3)
  4 adders
  An ooze (D:1)
  A worm (D:2)
  2 dart slugs (D:1)
  5 leopard geckos
  3 orcs (D:3)
  2 bats
  3 giant cockroaches
  5 goblins
  8 hobgoblins
  4 frilled lizards
  4 kobolds
  11 rats
56 creatures vanquished.

Notes
Turn   | Place    | Note
-------+----------+-------------------------------------------
     0 | D:1      | Borgoz the Gargoyle Gladiator began the quest for the Orb.
     0 | D:1      | Reached XP level 1. HP: 12/12 MP: 1/1
   113 | D:1      | Reached XP level 2. HP: 9/17 MP: 2/2
   420 | D:1      | Reached XP level 3. HP: 20/22 MP: 3/3
   478 | D:1      | Reached skill level 1 in Armour
  1254 | D:2      | Reached XP level 4. HP: 27/27 MP: 4/4
  1471 | D:3      | Found a shadowy altar of Dithmenos.
  1496 | D:3      | Reached skill level 4 in Maces & Flails
  1498 | D:3      | Reached XP level 5. HP: 18/32 MP: 5/5
  1557 | D:3      | Noticed Ijyb
  1564 | D:3      | Killed Ijyb
  1632 | D:3      | Killed from afar by an orc wizard

Levels and vault maps discovered:
D:1:      lightli_arrival_quake, layout_basic, hangedman_abyss_or_decor_stabs,
          minmay_misc_feat_tiny
D:2:      layout_loops_cross, first_ration, kennysheep_cluttered_room
D:3:      layout_rooms, grunt_dithmenos_smoke_and_mirrors,
          lemuel_coloured_pillars_altar, uniq_ijyb

Skill      XL: |  1  2  3  4  5 |
---------------+----------------+-----
Armour         | 1 2 |  2.0
Dodging        | 3 |  3.5
Maces & Flails | 4 |  4.3
Fighting       | 3 |  3.1
Throwing       | |  1.7

Action                   |  1- 3 |  4- 6 || total
-------------------------+-------+-------++-------
Melee: Flail             |   125 |    81 ||   206
  Use: Potion            |       |     2 ||     2
  Eat: Chunk             |     1 |     2 ||     3
Armor: Leather armour    |    57 |    50 ||   107
Dodge: Dodged            |    92 |    82 ||   174

Table legend:
 A = Non-vault XP
 B = Vault XP
 C = Vault XP percentage of total XP
 D = Non-vault monster count
 E = Vault monster count
 F = Vault count percentage of total count
                 A         B        C        D         E       F
            +---------+---------+-------+---------+---------+-------
      Total |     234 |      36 |  13.3 |      55 |       1 |   1.8
            +---------+---------+-------+---------+---------+-------
        D:1 |      39 |       0 |   0.0 |      18 |       0 |   0.0
        D:2 |      80 |       0 |   0.0 |      24 |       0 |   0.0
        D:3 |     115 |      36 |  23.8 |      13 |       1 |   7.1
            +---------+---------+-------+---------+---------+-------
